 Dungeon Crawl Stone Soup version 0.31-a0-840-g6d2ecbb638 (webtiles) character file.

Game seed: 17921208855689041215

21406 BinkBink the Fighter (level 12, -3/139 HPs)
             Began as a Minotaur Monk on Sept 27, 2023.
             Was the Champion of Jiyva.
             Slain by a skeletal warrior
             ... wielding a +0 trident
              (17 damage)
             ... on level 12 of the Dungeon.
             The game lasted 00:32:06 (9675 turns).

BinkBink the Fighter (Minotaur Monk)                Turns: 9675, Time: 00:32:07

Health: -3/139     AC:  7    Str: 15    XL:     12   Next: 53%
Magic:  11/11      EV: 19    Int: 15    God:    Jiyva [******]
Gold:   1078       SH:  5    Dex: 15    Spells: 11/11 levels left

rFire   x . .        E - +8 trident of the Octopus King {venom, rElec rPois}
rCold   + + +        d - orb {light}
rNeg    . . .        a - +4 skin of Zhor {*Englaciate rC+++ SInv}
rPois   +            (helmet unavailable)
rElec   +            (no cloak)
rCorr   +            (no gloves)
SInv    +            (no boots)
Will    .....        r - amulet of reflection
Stlth   +            v - ring of ice
HPRegen 2.03/turn    (no ring)
MPRegen 0.62/turn

%: reflection
@: about to teleport, glowing, studying Necromancy
A: horns 3, retaliatory headbutt, thin skeletal structure 1, clever 2, robust 2,
weak 1, eyeballs 2, gelatinous body 1, jelly sensing items, sturdy frame 3
a: Renounce Religion, Oozemancy, Slimify


You were on level 12 of the Dungeon.
You worshipped Jiyva.
Jiyva was exalted by your worship.
You visited 1 branch of the dungeon, and saw 13 of its levels.
You also visited: Bailey and Ice Cave.

You collected 1078 gold pieces.

Inventory:

Hand Weapons
 x - a +5 trident of freezing
 y - a +5 vampiric trident
 E - the +8 trident of the Octopus King (weapon) {venom, rElec rPois}
   (You found it on level 9 of the Dungeon)

   rElec:     It insulates you from electricity.
   rPois:     It protects you from poison
Armour
 a - the +4 skin of Zhor (worn) {*Englaciate rC+++ SInv}
   (You found it in an ice cave)

   *Englaciate: It radiates cold, occasionally slowing all nearby creatures who
   are not resistant to cold.
   rC+++:     It renders you almost immune to cold.
   SInv:      It lets you see invisible.
 b - a +2 plate armour of cold resistance
 d - an orb of light (worn)
 p - the +0 robe "Put-Me-On" {Drain rPois Regen+ MP+9}
   (You took it off a kobold in a bailey)

   rPois:     It protects you from poison MP+9: It affects your magic capacity
   (+9).
   Regen+:    It increases your rate of health regeneration.
   Drain:     It drains your maximum health when unequipped.
 q - a +3 ring mail of poison resistance
Jewellery
 r - an amulet of reflection (around neck)
 v - a ring of ice (left hand)
Wands
 f - a wand of iceblast (3)
 m - a wand of polymorph (10)
 z - a wand of paralysis (5)
Scrolls
 e - a scroll of vulnerability {unknown}
 g - 2 scrolls of enchant armour
 i - 2 scrolls of blinking
 j - a scroll of amnesia
 l - 3 scrolls of torment
 n - 2 scrolls of teleportation
 t - a scroll of noise {unknown}
 u - a scroll of silence {unknown}
 w - a scroll of summoning {unknown}
 A - a scroll of identify
 C - 2 scrolls of immolation {unknown}
Potions
 c - a potion of ambrosia
 h - 2 potions of attraction
 k - a potion of curing
 o - a potion of lignification
 s - 2 potions of enlightenment
 B - a potion of mutation


   Skills:
 + Level 13.7 Fighting
 + Level 13.7 Polearms
 + Level 10.5 Armour
 + Level 12.6 Dodging


You had 11 spell levels left.
You didn't know any spells.
Your spell library contained the following spells:

 Spells                   Type           Power      Damage    Failure   Level
 Gell's Gravitas          Tloc           0%         N/A       63%         3
 Teleport Other           Tloc           0%         N/A       63%         3
 Summon Ice Beast         Ice/Summ       0%         N/A       95%         4
 Summon Mana Viper        Hex/Summ       0%         N/A       100%        5
 Dispersal                Tloc           0%         N/A       100%        6
 Monstrous Menagerie      Summ           0%         N/A       100%        7


Dungeon Overview and Level Annotations

Branches:
Dungeon (13/15)            Temple (0/1) D:5            Lair (0/5) D:8
    Orc (0/2) D:12         Bailey (visited)           IceCv (visited)
 Vaults: D:13-14

Altars:
Ashenzari
Cheibriados
Hepliaklqana
Kikubaaqudgha
Makhleb
Okawaru
Sif Muna
Uskayaw
Vehumet
Wu Jian
Yredelemnul
Jiyva


Innate Abilities, Weirdness & Mutations

You have a pair of large horns on your head.
You reflexively headbutt those who attack you in melee.
You have a somewhat thin skeletal structure. (Dex +2, Stealth+)
Your mind is very acute. (Int +8, Str/Dex -2)
You are very robust. (+20% HP)
You are weak. (Str -2)
Your body has grown many eyes which may confuse attackers. (Acc +5)
Your rubbery body absorbs attacks. (AC +1, EV +1)
You have a small jelly attached to you that senses nearby items.
Your movements are significantly less encumbered by armour. (ER -6)


Message History

You block the skeletal warrior's attack.
You barely miss the skeletal warrior.
You headbutt the skeletal warrior, but do no damage.
The skeletal warrior is lightly damaged.
You hit the skeletal warrior but do no damage.
You headbutt the skeletal warrior, but do no damage.
The skeletal warrior is lightly damaged.
The skeletal warrior barely misses you.
The skeletal warrior hits you from afar with a +0 trident!!
The skeletal warrior closely misses you.
The skeletal warrior attacks as it pursues you!
The skeletal warrior completely misses you.
The skeletal warrior attacks as it pursues you!
The skeletal warrior hits you but does no damage.
The skeletal warrior hits you from afar with a +0 halberd!!
The skeletal warrior attacks as it pursues you!
The skeletal warrior hits you from afar with a +0 halberd.
The skeletal warrior attacks as it pursues you!
The skeletal warrior barely misses you. You furiously retaliate!
You headbutt the skeletal warrior.
A skeletal warrior comes into view. It is wielding a +0 flail.
The skeletal warrior attacks as it pursues you!
The skeletal warrior hits you but does no damage.
You block the skeletal warrior's attack.
There is an open door here.
You puncture the skeletal warrior!
You headbutt the skeletal warrior, but do no damage.
The skeletal warrior is moderately damaged.
The skeletal warrior hits you from afar with a +0 halberd!
As you read the scroll of teleportation, it crumbles to dust.
You feel strangely unstable.
The skeletal warrior hits you from afar with a +0 trident!
* * * LOW HITPOINT WARNING * * *
The skeletal warrior hits you with a +0 battleaxe!
* * * LOW HITPOINT WARNING * * *
The skeletal warrior hits you from afar with a +0 trident!
* * * LOW HITPOINT WARNING * * *
The skeletal warrior attacks as it pursues you!
The skeletal warrior hits you from afar with a +0 trident!
You die...

#......###........#
##.##### ######.### #.###
#...### #...# ###...#
#######'### ########'##
#.........# #........^#
#.........# #...>.....+
#.........# ###.........#
#.......@.###z'.........#
#.........##..#.........#
#.......zz#..##.........#
#.........'z###.........#
#.........### #<........#
########## #.........#
###########


You could see 2 skeletal warriors.

Vanquished Creatures
  A two-headed ogre (D:8)
  An orc knight (Bailey)
  An ugly thing (D:11)
  2 cyclopes
  A necromancer (IceCv)
  An ice statue (IceCv)
  A komodo dragon (D:13)
  2 unseen horrors
  Jeremiah (D:8)
  2 anaconda simulacra (IceCv)
  12 ice devils (IceCv)
  6 freezing wraiths (IceCv)
  3 trolls
  A hornet (D:13)
  2 dire elephant simulacra (IceCv)
  A shadow (D:9)
  2 wyverns
  A vampire (D:11)
  Sigmund (D:3)
  2 wraiths
  6 death yak simulacra (IceCv)
  29 yaks
  2 steam dragons
  A basilisk (D:11)
  2 wargs (D:8)
  An acid dragon (D:9)
  A hydra simulacrum (IceCv)
  13 orc warriors
  2 black bears
  An ice beast (D:5)
  2 ogres
  A centaur (D:5)
  3 kobold brigands
  6 bullfrogs
  A gnoll sergeant (D:7)
  A necrophage (D:4)
  5 two-headed ogre simulacra
  A scorpion (D:4)
  3 cane toad simulacra (IceCv)
  8 wights
  4 killer bees (D:11)
  2 elephant simulacra (IceCv)
  2 electric eels (D:11)
  A howler monkey (D:10)
  A human zombie (D:4)
  3 hounds
  5 orc priests
  A gnoll bouda (D:5)
  6 iguanas
  A sleepcap (D:5)
  3 scorpion zombies (D:4)
  Natasha (twice) (D:3)
  7 orc wizards
  3 spriggan simulacra (D:11)
  4 polar bear simulacra (IceCv)
  2 troll simulacra (IceCv)
  4 wolf simulacra (IceCv)
  3 hound zombies (D:4)
  2 mummies (D:4)
  A howler monkey zombie (D:4)
  18 gnolls
  7 adders
  2 shadow imps
  3 white imps
  An ufetubus (IceCv)
  An adder zombie (D:4)
  2 worms
  A dart slug (D:5)
  25 orcs
  5 giant cockroaches
  12 goblins
  10 hobgoblins
  A quokka (D:2)
  7 ball pythons
  5 bats
  A frilled lizard (D:1)
  25 kobolds
  7 rats
323 creatures vanquished.

Vanquished Creatures (collateral kills)
  An orc (D:3)
1 creature vanquished.

Vanquished Creatures (others)
  A great orb of eyes (D:13)
  A gargoyle (D:12)
  A slime creature (D:12)
  An orc warrior (D:11)
  A sky beast (D:8)
  A centaur (D:7)
  A scorpion (D:7)
  A wight (D:8)
  29 jellies
  An elephant simulacrum (IceCv)
  2 killer bees (D:11)
  4 howler monkeys
  Natasha (D:3)
  An orc wizard (D:7)
  2 gnolls (D:5)
  A white imp (D:5)
  2 dart slugs
  An orc (D:8)
  A goblin (D:4)
  A hobgoblin (D:4)
  A frilled lizard (D:3)
  5 kobolds
  2 rats
62 creatures vanquished.

Grand Total: 386 creatures vanquished

Notes
Turn   | Place    | Note
-------+----------+-------------------------------------------
     0 | D:1      | BinkBink the Minotaur Monk began the quest for the Orb.
     0 | D:1      | Reached XP level 1. HP: 19/19 MP: 0/0
   291 | D:1      | Found a faded altar of an unknown god.
   300 | D:1      | Prayed at the altar of an unknown god.
   300 | D:1      | Became a worshipper of Jiyva Jeosuh the Shapeless
   300 | D:1      | Reached * piety under Jiyva
   300 | D:1      | Reached ** piety under Jiyva
   453 | D:1      | Reached *** piety under Jiyva
   513 | D:1      | Reached XP level 2. HP: 27/27 MP: 1/1
   620 | D:2      | Gained mutation: Your mind is acute. (Int +4, Str/Dex -1)
                  | [Jiyva's grace]
   620 | D:2      | Gained mutation: Your mind is very acute. (Int +8, Str/Dex
                  | -2) [Jiyva's grace]
   620 | D:2      | Gained mutation: You are covered in slimy tendrils that may
                  | disarm your opponents. [Jiyva's grace]
   620 | D:2      | Gained mutation: Armour fits poorly on your pseudopods.
                  | [Jiyva's grace]
   772 | D:2      | Found a shimmering blue altar of Sif Muna.
  1114 | D:2      | Reached **** piety under Jiyva
  1143 | D:2      | Reached XP level 3. HP: 33/33 MP: 2/2
  1350 | D:3      | Noticed Sigmund
  1456 | D:3      | Killed Natasha
  1474 | D:3      | Found an iron altar of Okawaru.
  1611 | D:3      | Killed Sigmund
  1612 | D:3      | Reached skill level 5 in Fighting
  1612 | D:3      | Reached skill level 5 in Polearms
  1612 | D:3      | Reached XP level 4. HP: 42/42 MP: 3/3
  1612 | D:3      | Reached XP level 5. HP: 48/48 MP: 4/4
  1825 | D:3      | Gained mutation: You have a small jelly attached to you
                  | that senses nearby items. [Jiyva's grace]
  1825 | D:3      | Gained mutation: You have a somewhat thin skeletal
                  | structure. (Dex +2, Stealth+) [Jiyva's grace]
  1825 | D:3      | Gained mutation: You have a moderately thin skeletal
                  | structure. (Dex +4, Stealth++) [Jiyva's grace]
  1825 | D:3      | Gained mutation: You have an unnaturally thin skeletal
                  | structure. (Dex +6, Stealth+++) [Jiyva's grace]
  1830 | D:3      | Found a broken altar of Ashenzari.
  1831 | D:3      | Found a basalt altar of Yredelemnul.
  1832 | D:3      | Found a shimmering blue altar of Sif Muna.
  1833 | D:3      | Found a snail-covered altar of Cheibriados.
  1874 | D:3      | Noticed Natasha
  1883 | D:3      | Killed Natasha
  1884 | D:3      | Reached skill level 5 in Dodging
  1884 | D:3      | Reached XP level 6. HP: 55/56 MP: 5/5
  2030 | D:4      | Reached ***** piety under Jiyva
  2036 | D:3      | Noticed Natasha
  2058 | D:3      | Killed Natasha
  2268 | D:4      | Reached XP level 7. HP: 44/64 MP: 6/6
  2610 | D:4      | Found an ancient bone altar of Kikubaaqudgha.
  2752 | D:5      | Entered Level 5 of the Dungeon
  2902 | D:5      | Reached XP level 8. HP: 56/73 MP: 7/7
  3139 | D:5      | Found a staircase to the Ecumenical Temple.
  3459 | D:6      | Found an ornate altar of the Wu Jian Council.
  4029 | D:7      | Found a flagged portal.
  4048 | Bailey   | Entered a bailey
  4048 | Bailey   | Lost mutation: You have an unnaturally thin skeletal
                  | structure. (Dex +6, Stealth+++) [Jiyva's grace]
  4048 | Bailey   | Lost mutation: You have a moderately thin skeletal
                  | structure. (Dex +4, Stealth++) [Jiyva's grace]
  4048 | Bailey   | Gained mutation: You have acidic saliva. [Jiyva's grace]
  4048 | Bailey   | Gained mutation: You are robust. (+10% HP) [Jiyva's grace]
  4048 | Bailey   | Gained mutation: You are very robust. (+20% HP) [Jiyva's
                  | grace]
  4048 | Bailey   | Gained mutation: You are extremely robust. (+30% HP)
                  | [Jiyva's grace]
  4071 | Bailey   | Identified the +9 scimitar of Onairij {speed, Stlth+}
  4071 | Bailey   | Identified the +0 robe "Put-Me-On" {Drain rPois Regen+
                  | MP+9}
  4112 | Bailey   | Reached XP level 9. HP: 67/107 MP: 8/8
  4158 | Bailey   | Reached ****** piety under Jiyva
  4160 | Bailey   | Noticed an orc knight
  4201 | Bailey   | Reached skill level 1 in Armour
  4213 | Bailey   | Lost mutation: You are covered in slimy tendrils that may
                  | disarm your opponents. [potion of mutation]
  4213 | Bailey   | Lost mutation: You have acidic saliva. [potion of mutation]
  4213 | Bailey   | Gained mutation: You are weak. (Str -2) [potion of
                  | mutation]
  4221 | Bailey   | Killed an orc knight
  4700 | D:7      | Reached skill level 10 in Fighting
  4729 | D:7      | Reached skill level 10 in Polearms
  5262 | D:8      | Noticed a two-headed ogre
  5269 | D:8      | Killed a two-headed ogre
  5270 | D:8      | Reached XP level 10. HP: 93/122 MP: 9/9
  5356 | D:8      | Reached skill level 5 in Armour
  5811 | D:8      | Gained mutation: Your body has grown eyes which may confuse
                  | attackers. (Acc +3) [Jiyva's grace]
  5811 | D:8      | Gained mutation: Your body has grown many eyes which may
                  | confuse attackers. (Acc +5) [Jiyva's grace]
  5811 | D:8      | Gained mutation: Your body is covered in eyes which may
                  | confuse attackers. (Acc +7, SInv) [Jiyva's grace]
  5811 | D:8      | Gained mutation: Your rubbery body absorbs attacks. (AC +1,
                  | EV +1) [Jiyva's grace]
  5822 | D:8      | Reached skill level 10 in Dodging
  5903 | D:8      | Noticed Jeremiah
  5914 | D:8      | Found a staircase to the Lair.
  5937 | D:8      | Killed Jeremiah
  6371 | D:9      | Found a hazy altar of Hepliaklqana.
  6435 | D:9      | Reached XP level 11. HP: 132/133 MP: 10/10
  6587 | D:9      | Found the +8 trident of the Octopus King {venom, rElec
                  | rPois}
  6589 | D:9      | Identified the +9 dagger of Qazlal's Reproof {protect,
                  | Will+ Int+5}
  6835 | D:9      | Found a burning altar of Makhleb.
  6903 | D:10     | Entered Level 10 of the Dungeon
  7419 | D:10     | Found a radiant altar of Vehumet.
  7573 | D:11     | Noticed a white ugly thing
  7592 | D:11     | Found a frozen archway.
  7616 | IceCv    | Entered an ice cave
  7975 | IceCv    | Found the +4 skin of Zhor {*Englaciate rC+++ SInv}
  8079 | IceCv    | Found an ancient bone altar of Kikubaaqudgha.
  8127 | IceCv    | Reached XP level 12. HP: 74/146 MP: 11/11
  8576 | IceCv    | Reached skill level 10 in Armour
  8758 | D:11     | Lost mutation: You are extremely robust. (+30% HP) [Jiyva's
                  | grace]
  8758 | D:11     | Lost mutation: Your body is covered in eyes which may
                  | confuse attackers. (Acc +7, SInv) [Jiyva's grace]
  8758 | D:11     | Lost mutation: Armour fits poorly on your pseudopods.
                  | [Jiyva's grace]
  8758 | D:11     | Gained mutation: Your movements are slightly less
                  | encumbered by armour. (ER -2) [Jiyva's grace]
  8758 | D:11     | Gained mutation: Your movements are less encumbered by
                  | armour. (ER -4) [Jiyva's grace]
  8758 | D:11     | Gained mutation: Your movements are significantly less
                  | encumbered by armour. (ER -6) [Jiyva's grace]
  8758 | D:11     | Gained mutation: You have a pair of large horns on your
                  | head. [Jiyva's grace]
  9265 | D:12     | Found a staircase to the Orcish Mines.
  9321 | D:12     | You fall into a shaft and drop 1 floor!
  9378 | D:13     | Killed a great orb of eyes
  9510 | D:12     | Found a hide-covered altar of Uskayaw.
  9675 | D:12     | Slain by a skeletal warrior

Illustrated notes

Levels and vault maps discovered:
D:1:      dpeg_arrival_fog, layout_basic, shapermc_ecumenical_altar_mp_highgroup
D:2:      layout_loops_ring, basic_altar, corexii_item_surrounded_by_moat
D:3:      layout_basic, okawaru_trees_1, mainiacjoe_overflow_alcove_3,
          uniq_natasha, uniq_sigmund
D:4:      layout_cave_pools, lemuel_mausoleum_altar_kikubaaqudgha
D:5:      layout_rooms, minmay_temple_entry_gardened_gates, serial_rivers,
          chequers_serial_rivers_room_a, chequers_serial_rivers_marsh,
          chequers_serial_rivers_small_b, chequers_serial_rivers_marsh,
          chequers_serial_rivers_small_b
D:6:      layout_cave_pools, nicolae_wu_jian_wuxing_cycle
D:7:      layout_basic, enter_bailey_5
D:8:      layout_gridville, erik_lair_orcish_takeover, uniq_jeremiah
D:9:      layout_basic, nicolae_hepliaklqana_hippocampus,
          nicolae_overflow_hidden_temple, lightli_fourway_metalbox
D:10:     layout_small_grid, lemuel_doored_altar
D:11:     layout_roguey, portal_ice_cave_entry_ice_simulacra, minivault_23,
          disabler_island
D:12:     layout_roguey, eat_drink_and_be_merry_uskayaw
D:13:     layout_cave_pools, hellmonk_vaults_keyhole, gammafunk_ghost_split,
          small_chamber_with_monster, uniq_urug

Skill      XL: |  1  2  3  4  5  6  7  8  9 10 11 12 |
---------------+-------------------------------------+-----
Fighting       | 4 5 6 7 9 10 11 12 13 | 13.7
Polearms       | 4 5 6 7 8 10 11 12 13 | 13.7
Dodging        | 4 5 6 8 9 10 11 12 | 12.6
Armour         | 4 7 9 10 | 10.5

Action                     |  1- 3 |  4- 6 |  7- 9 | 10-12 || total
---------------------------+-------+-------+-------+-------++-------
  Melee: Spear             |   100 |    82 |   474 |    96 ||   752
         Headbutt          |     9 |    19 |   111 |   202 ||   341
         Pseudopods        |    12 |    21 |   107 |   140 ||   280
         Bite              |       |       |    10 |       ||    10
         Trident           |       |       |       |   582 ||   582
 Invoke: Oozemancy         |       |       |     2 |       ||     2
    Use: Scroll            |       |       |     7 |     2 ||     9
         Potion            |       |       |     7 |     3 ||    10
   Stab: Sleeping          |       |       |    13 |     1 ||    14
         Distracted        |       |       |     1 |       ||     1
         Confused          |       |       |       |    14 ||    14
 Armour: Robe              |    20 |    42 |   104 |       ||   166
         Skin              |       |       |     8 |       ||     8
         Ring mail         |       |       |    30 |   181 ||   211
         Animal skin       |       |       |       |    38 ||    38
  Dodge: Dodged            |    33 |    59 |   195 |   212 ||   499
  Block: Orb               |       |       |    25 |    52 ||    77
         Reflection        |       |       |     6 |       ||     6

Table legend: (Time is in decaauts)
 A = Elapsed time spent in this place.
 B = Non-inter-level travel time spent in this place.
 C = Inter-level travel time spent in this place.
 D = Time resting spent in this place.
 E = Time spent auto-exploring this place.
 F = Levels seen in this place.
 G = Mean time per level.
                   A        B        C        D        E       F      G
               +--------+--------+--------+--------+--------+-----+--------+
         Total |   9325 |   9001 |    324 |      0 |   6602 |  15 |  621.7 |
       Dungeon |   7913 |   7589 |    324 |      0 |   5896 |  13 |  608.7 |
        Bailey |    360 |    360 |      0 |      0 |    212 |   1 |  360.0 |
      Ice Cave |   1051 |   1051 |      0 |      0 |    493 |   1 | 1051.0 |
               +--------+--------+--------+--------+--------+-----+--------+

Top non-repeatable levels by time:
   IceCv: 1051 daAuts
     D:7: 851 daAuts
     D:2: 807 daAuts
     D:8: 787 daAuts
     D:9: 779 daAuts
     D:3: 734 daAuts
    D:10: 668 daAuts
     D:5: 615 daAuts
     D:1: 595 daAuts
     D:4: 564 daAuts
     D:6: 554 daAuts
    D:11: 536 daAuts
  Bailey: 360 daAuts
    D:12: 356 daAuts
    D:13: 59 daAuts
